[Event "Polofinale MCR junioru 2023"]
[Site "Czech Republic"]
[Date "2023.11.17"]
[Round "8.5"]
[White "Kubiczek, Michal"]
[Black "Vilimek, Vit"]
[Result "1/2-1/2"]
[TimeControl "90 min per 40 moves + 15 min + 30 sec / move from move 1"]
[WhiteFideId "23706996"]
[BlackFideId "23718218"]
[WhiteElo "2068"]
[BlackElo "2163"]

1. d4 Nf6 2. c4 g6 3. g3 c5 4. d5 b5 5. cxb5 a6 6. bxa6 Bxa6 7. Nc3 d6 8. Nf3 Bg7 9. Bg2 O-O 10.
O-O Nbd7 11. Rb1 Nb6 12. Re1 Bc4 13. e4 Bxa2 14. Nxa2 Rxa2 15. b4 c4 16. Bb2 Rxb2 17. Rxb2 Nxe4 18.
Nd4 Nc3 19. Qd2 Nca4 20. Rc2 Qd7 21. Nc6 Re8 22. Qe2 Nc3 23. Qd2 Nb5 24. Rec1 Ra8 25. Rxc4 Nxc4 26. Rxc4 Bf6 27. Rc1 Ra3 28.
Qe2 Nc3 29. Qc4 Qb7 30. Bf1 Qb6 31. Nxe7+ Kg7 32. Nc8 Qd4 33. Nxd6 Ra2 34. Ne4 Qxe4 35. Rxc3 Qb1 36. Rb3 Qe1 37.
Rf3 Qd2 38. d6 Rb2 39. Qf4 Qxf4 40. Rxf4 Rd2 41. Bc4 Rxd6 42. b5 g5 43. Rf3 Rd4 44. Bf1 Rb4 45. Kg2 Bd4 46. Rf5 f6 47.
g4 Rb2 48. Bd3 h6 49. Be4 Kf8 50. Bc6 Ke7 51. Kg3 Kd6 52. h4 Rb3+ 53. Rf3 Rb2 54. Kg2 Ke7 1/2-1/2

[Event "Polofinale MCR junioru 2023"]
[Site "Czech Republic"]
[Date "2023.11.17"]
[Round "8.6"]
[White "Janous, Marek"]
[Black "Pavlis, Matej"]
[Result "1-0"]
[TimeControl "90 min per 40 moves + 15 min + 30 sec / move from move 1"]
[WhiteFideId "23709650"]
[BlackFideId "23735767"]
[WhiteElo "2098"]
[BlackElo "1974"]

1. e4 c5 2. Nf3 e6 3. g3 Nc6 4. Bg2 Nf6 5. Qe2 e5 6. O-O Be7 7. c3 O-O 8. Rd1 Re8 9. d3 d5 10.
exd5 Qxd5 11. Bg5 Bg4 12. Bxf6 Bxf6 13. Nbd2 Qd7 14. Ne4 Be7 15. Qe3 b6 16. Re1 Rad8 17. Ned2 f6 18. Nc4 Bf8 19.
a4 Qxd3 20. Qxd3 Rxd3 21. Ng5 Nd8 22. Be4 Rd7 23. Bxh7+ Kh8 24. Bg6 Ree7 25. h3 Be6 26. Nxe6 Nxe6 27. Bf5 Rd8 28. f4 g6 29.
Bxe6 Rxe6 30. fxe5 Rde8 31. Rad1 R8e7 32. Rd8 Kg8 33. Rf1 f5 34. Rfd1 a6 35. Rb8 Re8 36. Rxe8 Rxe8 37. Nxb6 Rxe5 38.
Rd8 Re1+ 39. Kf2 Rb1 40. Nd7 Rxb2+ 41. Ke3 Rc2 42. Rxf8+ Kg7 43. Re8 Rxc3+ 44. Kf4 Kf7 45. Re3 Rc4+ 46.
Kg5 Rxa4 47. Ne5+ Kg7 48. Nxg6 Rb4 49. Re7+ Kg8 50. Kh6 1-0

[Event "Polofinale MCR junioru 2023"]
[Site "Czech Republic"]
[Date "2023.11.17"]
[Round "8.7"]
[White "Jirasko, Miroslav"]
[Black "Vojta, Jakub"]
[Result "0-1"]
[TimeControl "90 min per 40 moves + 15 min + 30 sec / move from move 1"]
[WhiteFideId "23729414"]
[BlackFideId "382515"]
[WhiteElo "2084"]
[BlackElo "2267"]

1. e4 c5 2. Nf3 Nf6 3. Nc3 Nc6 4. Bb5 Qc7 5. O-O Nd4 6. Bc4 e6 7. Re1 Ng4 8. g3 Nxf3+ 9. Qxf3 Ne5 10.
Qe2 g5 11. Nd5 exd5 12. exd5 Bg7 13. f4 gxf4 14. gxf4 d6 15. c3 Rg8 16. Kh1 Bh3 17. Qh5 Qd7 18. Bb5 Bg2+ 19. Kxg2 Qxb5 20.
d4 cxd4 21. cxd4 Qxd5+ 0-1

[Event "Polofinale MCR junioru 2023"]
[Site "Czech Republic"]
[Date "2023.11.17"]
[Round "8.8"]
[White "Tillman, Stanislav"]
[Black "Hurtik, Matej"]
[Result "1-0"]
[TimeControl "90 min per 40 moves + 15 min + 30 sec / move from move 1"]
[WhiteFideId "23714247"]
[BlackFideId "397997"]
[WhiteElo "2021"]
[BlackElo "2131"]

1. e4 c5 2. Nf3 Nc6 3. Bb5 Nf6 4. Nc3 Qc7 5. O-O e6 6. Re1 Be7 7. d4 cxd4 8. Nxd4 Nxd4 9. Qxd4 Ng4 10.
Qxg7 Qxh2+ 11. Kf1 Rf8 12. Qxg4 f5 13. Qh3 Qc7 14. Qh5+ Kd8 15. Bh6 Rg8 16. exf5 b6 17. f6 1-0

[Event "Polofinale MCR junioru 2023"]
[Site "Czech Republic"]
[Date "2023.11.17"]
[Round "8.9"]
[White "Bezdek, Tomas"]
[Black "Prazak, Daniel"]
[Result "1/2-1/2"]
[TimeControl "90 min per 40 moves + 15 min + 30 sec / move from move 1"]
[WhiteFideId "23733551"]
[BlackFideId "23709456"]
[WhiteElo "2078"]
[BlackElo "2103"]

1. e4 e5 2. Nf3 Nc6 3. Bc4 Bc5 4. c3 Nf6 5. d3 O-O 6. O-O d5 7. exd5 Nxd5 8. Re1 Bg4 9. Nbd2 Nb6 10.
Ne4 Be7 11. Bb3 Qd7 12. h3 Bf5 13. Bg5 Rad8 14. Bxe7 Qxe7 15. Qe2 Bg6 16. Rad1 Rfe8 17. Qe3 h6 18. Qc5 Qd7 19. a4 Bh5 20.
Kh2 Bxf3 21. gxf3 Qe7 22. Qxe7 Rxe7 23. Nc5 Nd7 24. Nxd7 Rexd7 25. Bc2 f6 26. b4 Ne7 27. Re4 Nd5 28.
Rc4 c6 29. b5 cxb5 30. axb5 Nf4 31. Ra1 b6 32. Kg3 Nxd3 33. Bxd3 Rxd3 34. Rxa7 R8d7 35. Rxd7 Rxd7 36. Rc6 Rd3 37.
c4 Rd4 38. Rxb6 Rxc4 39. Rb8+ Kf7 40. b6 Rb4 41. b7 Kg6 42. Kg2 Rb1 43. Kg3 Kf5 44. Kh4 Rb3 45. Kg3 Kg5 46. Ra8 Rxb7 47.
Ra4 Kf5 48. Rc4 Rb3 49. Rg4 g5 50. Ra4 h5 51. Rc4 Rd3 52. Ra4 Rd4 53. Ra6 g4 54. hxg4+ hxg4 55. fxg4+ Rxg4+ 56. Kf3 Rb4 57. Ke3 Kg5 58.
Ra8 Kf5 59. Rf8 Rb3+ 60. Ke2 e4 61. Rf7 Ra3 62. Rf8 Ke5 63. Rf7 f5 64. Rf8 Kf4 65. Rf7 Ra2+ 66. Kf1 Kg4 67. Rg7+ Kf3 68.
Rg3+ Kf4 69. Rg8 e3 70. fxe3+ Kf3 71. Kg1 Ra1+ 72. Kh2 Kxe3 73. Rg3+ Kf2 74. Rg2+ Kf3 75. Rg3+ Kf4 76. Rb3 Ra2+ 77.
Kg1 Kg4 78. Kf1 f4 79. Rc3 Ra5 80. Rb3 Ra4 81. Kf2 f3 82. Rb8 Ra2+ 83. Kf1 1/2-1/2

[Event "Polofinale MCR junioru 2023"]
[Site "Czech Republic"]
[Date "2023.11.17"]
[Round "8.10"]
[White "Winter, Ondrej"]
[Black "Svacina, Tobias"]
[Result "0-1"]
[TimeControl "90 min per 40 moves + 15 min + 30 sec / move from move 1"]
[WhiteFideId "23702192"]
[BlackFideId "385859"]
[WhiteElo "2163"]
[BlackElo "1941"]

1. e4 c5 2. Nf3 Nc6 3. Bb5 g6 4. Bxc6 bxc6 5. O-O Bg7 6. Re1 Qc7 7. d3 e5 8. Nc3 Nf6 9. h3 O-O 10. Be3 d6 11. Qd2 Rb8 12. Reb1 Ne8 13. a3 a5 14. Bh6 f5 15. Bxg7 Nxg7 16. exf5 Bxf5 17.
Qe3 Rb7 18. a4 c4 19. g3 cxd3 20. g4 dxc2 21. gxf5 Rxb2 22. Rc1 g5 23. fxg6 hxg6 24. Ne4 d5 25. Nc5 e4 26.
Qc3 Rb1 27. Nd4 Rxf2 28. Kxf2 Qf4+ 29. Ke2 Qxc1 30. Nde6 Qf1+ 0-1

[Event "Polofinale MCR junioru 2023"]
[Site "Czech Republic"]
[Date "2023.11.17"]
[Round "8.11"]
[White "Ocelak, Jakub"]
[Black "Rousek, Jan"]
[Result "1-0"]
[TimeControl "90 min per 40 moves + 15 min + 30 sec / move from move 1"]
[WhiteFideId "23707933"]
[BlackFideId "386669"]
[WhiteElo "2238"]
[BlackElo "2006"]

1. b3 d5 2. Bb2 c5 3. e3 Nc6 4. Bb5 e6 5. Nf3 Nf6 6. Ne5 Qb6 7. Bxc6+ bxc6 8. O-O Ba6 9. d3 Be7 10.
Nd2 O-O 11. Qe2 Rfd8 12. f4 c4 13. Rf3 cxd3 14. cxd3 Ne4 15. Rh3 Nf6 16. Ndf3 Nd7 17. Nxd7 Rxd7 18. Ne5 Rb7 19. Qh5 1-0

[Event "Polofinale MCR junioru 2023"]
[Site "Czech Republic"]
[Date "2023.11.17"]
[Round "8.12"]
[White "Fizer, Marek"]
[Black "Jasso, Matej"]
[Result "1-0"]
[TimeControl "90 min per 40 moves + 15 min + 30 sec / move from move 1"]
[WhiteFideId "391980"]
[BlackFideId "23710748"]
[WhiteElo "2162"]
[BlackElo "2033"]

1. e4 e6 2. d4 d5 3. Nc3 Bb4 4. e5 c5 5. a3 Ba5 6. b4 cxd4 7. Nb5 Bb6 8. Bd3 Nc6 9. Qg4 Kf8 10.
Nf3 a6 11. Nbxd4 Nxd4 12. Nxd4 Qc7 13. O-O Ne7 14. Nf3 Bd7 15. Qf4 Kg8 16. a4 d4 17. Ng5 Be8 18. Qg3 Bc6 19. Ba3 Bd5 20.
Rfe1 Qd8 21. Ne4 Bxe4 22. Bxe4 Qd7 23. b5 Ng6 24. Bd6 Rc8 25. bxa6 bxa6 26. Reb1 Bd8 27. Rb7 Qe8 28. Qd3 f5 29.
Bf3 Nh4 30. Be2 Qc6 31. Bf3 Nxf3+ 32. Qxf3 Qxc2 33. h3 Qc3 34. Qh5 Qxa1+ 35. Kh2 g6 36. Qh6 Bc7 37. Rxc7 1-0

[Event "Polofinale MCR junioru 2023"]
[Site "Czech Republic"]
[Date "2023.11.17"]
[Round "8.13"]
[White "Hlavina, Matous"]
[Black "Mametev, Artem"]
[Result "1-0"]
[TimeControl "90 min per 40 moves + 15 min + 30 sec / move from move 1"]
[WhiteFideId "386650"]
[BlackFideId "23710195"]
[WhiteElo "2134"]
[BlackElo "2024"]

1. e4 c5 2. Nf3 d6 3. d4 cxd4 4. Nxd4 Nf6 5. Nc3 a6 6. Be2 e5 7. Nb3 Be7 8. Bg5 Be6 9. Bxf6 Bxf6 10.
O-O O-O 11. Qd3 Be7 12. Rfd1 Nd7 13. Bf3 Nf6 14. Nd2 Rc8 15. Nf1 b5 16. a3 a5 17. Ne3 b4 18. Nb5 Qb6 19. axb4 axb4 20.
Nxd6 Rcd8 21. Ndc4 Qc7 22. Nd5 Nxd5 23. exd5 Bf5 24. Be4 Bxe4 25. Qxe4 f5 26. Qxe5 Qxc4 27. Qxe7 Rfe8 28. Qb7 Qxc2 29.
Qxb4 Re2 30. Qf4 Rde8 31. h3 Qxb2 32. d6 Qb7 33. d7 1-0

[Event "Polofinale MCR junioru 2023"]
[Site "Czech Republic"]
[Date "2023.11.17"]
[Round "8.14"]
[White "Simunek, Jakub Simon"]
[Black "Lang, Simon"]
[Result "0-1"]
[TimeControl "90 min per 40 moves + 15 min + 30 sec / move from move 1"]
[WhiteFideId "23709464"]
[BlackFideId "23712449"]
[WhiteElo "1970"]
[BlackElo "2090"]

1. e4 c5 2. Nf3 d6 3. Bb5+ Nd7 4. c3 Ngf6 5. Qe2 a6 6. Ba4 b5 7. Bc2 Bb7 8. d4 e6 9. O-O Be7 10.
Re1 O-O 11. Nbd2 Qc7 12. Bd3 Rfe8 13. Nf1 Nf8 14. Ng3 Bc6 15. e5 Nd5 16. Ne4 dxe5 17. Nxe5 cxd4 18. cxd4 Bb7 19. a3 Ng6 20.
Nxg6 hxg6 21. Qg4 Nf6 22. Nxf6+ Bxf6 23. h4 Rad8 24. Be3 Rd5 25. Rac1 Qd7 26. Be4 Rh5 27. g3 Bxe4 28. Qxe4 Rd5 29.
Rc5 Rd8 30. Rec1 Rxc5 31. Rxc5 Bxd4 32. Bxd4 Qxd4 33. Qxd4 Rxd4 34. Rc6 a5 35. Ra6 a4 36. Rb6 Rd5 37. Rb7 g5 38. hxg5 Rxg5 39.
Kf1 Re5 40. Kg2 Rd5 41. Kf3 Rd3+ 0-1

[Event "Polofinale MCR junioru 2023"]
[Site "Czech Republic"]
[Date "2023.11.17"]
[Round "8.15"]
[White "Mach, Petr"]
[Black "Vylicil, Adam"]
[Result "1/2-1/2"]
[TimeControl "90 min per 40 moves + 15 min + 30 sec / move from move 1"]
[WhiteFideId "383546"]
[BlackFideId "23717556"]
[WhiteElo "2084"]
[BlackElo "1896"]

1. Nf3 d5 2. g3 g6 3. Bg2 Bg7 4. d4 Nh6 5. c4 dxc4 6. O-O Nf5 7. d5 Nd6 8. Nc3 O-O 9. e4 Bg4 10.
Bf4 Nd7 11. Re1 Ne5 12. Bxe5 1/2-1/2

[Event "Polofinale MCR junioru 2023"]
[Site "Czech Republic"]
[Date "2023.11.17"]
[Round "8.16"]
[White "Kulhanek, Jachym"]
[Black "Steinbauer, Sebastian"]
[Result "1/2-1/2"]
[TimeControl "90 min per 40 moves + 15 min + 30 sec / move from move 1"]
[WhiteFideId "23716193"]
[BlackFideId "399272"]
[WhiteElo "2056"]
[BlackElo "1869"]

1. e4 e5 2. Nf3 Nf6 3. d3 Nc6 4. g3 Bc5 5. Bg2 d6 6. O-O Bg4 7. h3 Bh5 8. Be3 Bb6 9. a4 Qd7 10.
Nbd2 h6 11. Qe1 O-O 12. c3 Rfe8 13. Nh4 d5 14. Nb3 d4 15. cxd4 Nxd4 16. Bxd4 Bxd4 17. Nxd4 Qxd4 18. g4 Bg6 19.
Qc3 c5 20. Qxd4 cxd4 21. f4 Nd7 22. fxe5 Nxe5 23. Ra3 Rac8 24. Nf3 f6 25. Nxd4 Red8 26. Nf5 Bxf5 27. exf5 Nxd3 28. Bxb7 Rb8 29.
Ba6 Nxb2 30. Rb1 Rb6 31. Bb5 Rd1+ 32. Rxd1 Nxd1 33. Rb3 Kh7 34. Rd3 Nb2 35. Rd8 h5 36. h4 hxg4 37. Be8 g5 38.
Rd7+ Kh8 39. h5 Rb8 40. Bg6 Nxa4 41. Rxa7 Nc3 42. Kf2 Nd5 43. Rf7 1/2-1/2

[Event "Polofinale MCR junioru 2023"]
[Site "Czech Republic"]
[Date "2023.11.17"]
[Round "8.17"]
[White "Stocek, Martin"]
[Black "Svadlenka, Michal"]
[Result "1-0"]
[TimeControl "90 min per 40 moves + 15 min + 30 sec / move from move 1"]
[WhiteFideId "380121"]
[BlackFideId "23717068"]
[WhiteElo "2125"]
[BlackElo "1689"]

1. d4 Nf6 2. c4 g6 3. Nc3 Bg7 4. e4 d6 5. Be2 O-O 6. Be3 Na6 7. Qc2 c5 8. d5 e6 9. Nf3 exd5 10.
cxd5 Nc7 11. O-O a6 12. a4 b6 13. h3 Re8 14. Rad1 Bb7 15. Bg5 Qd7 16. Rfe1 b5 17. Bf1 b4 18.
Nb1 h6 19. Bc1 Re7 20. b3 Rae8 21. Nbd2 a5 22. Bd3 Ba6 23. Bxa6 Nxa6 24. Bb2 Qd8 25. Re3 Nb8 26. Rde1 Nbd7 27.
Nc4 Nf8 28. Qb1 N8h7 29. Qa1 Nh5 30. Bxg7 Nxg7 31. Qb2 f6 32. Nh2 h5 33. f4 g5 34. Qf2 Kf7 35. fxg5 Nxg5 36. e5 f5 37.
h4 Nh7 38. Nxd6+ Kg8 39. Nxe8 Rxe8 40. d6 Nf8 41. Nf3 Nfe6 42. Ng5 Nxg5 43. hxg5 Re6 44. Qf4 Rg6 45. e6 Qe8 46. d7 1-0

[Event "Polofinale MCR junioru 2023"]
[Site "Czech Republic"]
[Date "2023.11.17"]
[Round "8.18"]
[White "Hozda, Max"]
[Black "Pelc, Adam"]
[Result "1/2-1/2"]
[TimeControl "90 min per 40 moves + 15 min + 30 sec / move from move 1"]
[WhiteFideId "23725958"]
[BlackFideId "23723033"]
[WhiteElo "2045"]
[BlackElo "1856"]

1. Nf3 d5 2. c4 e6 3. e3 Nf6 4. b3 Nbd7 5. Bb2 Bd6 6. d4 c6 7. Bd3 O-O 8. O-O Re8 9. Nc3 e5 10.
dxe5 Nxe5 11. Nxe5 Bxe5 12. h3 dxc4 13. Bxc4 Be6 14. Qe2 Bxc4 15. Qxc4 Qd2 16. Rab1 b5 17. Qc5 Nd7 18. Qxc6 Rec8 19.
Qxb5 a6 20. Ne4 axb5 21. Nxd2 Rxa2 22. Bxe5 Nxe5 23. Rfc1 Rd8 24. Nf3 Nxf3+ 25. gxf3 g6 26. Rd1 Rdd2 27. Rxd2 Rxd2 28. b4 Kf8 29.
Kg2 1/2-1/2

[Event "Polofinale MCR junioru 2023"]
[Site "Czech Republic"]
[Date "2023.11.17"]
[Round "8.19"]
[White "Zezula, Jakub"]
[Black "Mrazek, Roman"]
[Result "1-0"]
[TimeControl "90 min per 40 moves + 15 min + 30 sec / move from move 1"]
[WhiteFideId "23723203"]
[BlackFideId "23707062"]
[WhiteElo "2002"]
[BlackElo "1866"]

1. e4 c5 2. Nf3 e6 3. d4 cxd4 4. Nxd4 Nc6 5. Nc3 Qc7 6. Be3 a6 7. Qf3 b5 8. O-O-O Bb7 9. Nxc6 Qxc6 10.
Bd3 Nf6 11. Bd4 Be7 12. a3 O-O 13. g4 d6 14. Qg3 Nd7 15. Rhg1 Bf6 16. Bxf6 Nxf6 17. Qh4 Nd7 18. Nd5 Qc5 19.
e5 h6 20. Ne7+ Kh8 21. g5 Nxe5 22. gxh6 g5 23. Rxg5 f6 24. Rxe5 dxe5 25. Ng6+ Kg8 26. h7+ 1-0

[Event "Polofinale MCR junioru 2023"]
[Site "Czech Republic"]
[Date "2023.11.17"]
[Round "8.20"]
[White "Cerny, Michal"]
[Black "Pecka, Jan"]
[Result "1-0"]
[TimeControl "90 min per 40 moves + 15 min + 30 sec / move from move 1"]
[WhiteFideId "391964"]
[BlackFideId "23712520"]
[WhiteElo "1920"]
[BlackElo "1999"]

1. e4 Nc6 2. d4 d5 3. e5 Bf5 4. c3 e6 5. Be3 Nge7 6. Nd2 f6 7. f4 Qd7 8. Ngf3 O-O-O 9. b4 h6 10.
Nb3 Nb8 11. b5 Bg4 12. Bf2 Nf5 13. h3 Bxf3 14. Qxf3 h5 15. Bd3 g5 16. g4 hxg4 17. hxg4 Rxh1+ 18. Qxh1 Nh6 19. fxg5 fxg5 20.
Qg2 Ba3 21. Be3 Qe7 22. Kd2 Nf7 23. Rh1 Rh8 24. Rxh8+ Nxh8 25. Qh3 Nf7 26. Qh5 Nd7 27. Bg6 Nfxe5 28. dxe5 Nxe5 29. Qh8+ 1-0

[Event "Polofinale MCR junioru 2023"]
[Site "Czech Republic"]
[Date "2023.11.17"]
[Round "8.21"]
[White "Sadil, Antonin"]
[Black "Trojan, Matyas"]
[Result "0-1"]
[TimeControl "90 min per 40 moves + 15 min + 30 sec / move from move 1"]
[WhiteFideId "23735597"]
[BlackFideId "23710764"]
[WhiteElo "1648"]
[BlackElo "1957"]

1. e4 e5 2. Nf3 Nc6 3. Nc3 Nf6 4. Bb5 Bb4 5. O-O O-O 6. d3 d6 7. Bg5 Bxc3 8. bxc3 h6 9. Bh4 g5 10.
Bg3 Kg7 11. Bxc6 bxc6 12. Qd2 Nh7 13. d4 f6 14. Rab1 f5 15. exf5 e4 16. Ne1 Ba6 17. d5 Bxf1 18. Kxf1 c5 19.
Qe3 Qe7 20. Nf3 Rxf5 21. c4 Raf8 22. Nd2 Nf6 23. Rb7 Nh5 24. Rxa7 Nxg3+ 25. hxg3 Rxf2+ 26. Kg1 Qf7 27. g4 Rf4 28.
Nxe4 Re8 29. Qc3+ Kg8 30. Nd2 Rxg4 31. Nf3 Rge4 32. Qa5 g4 33. Rxc7 Qf6 34. Qd2 gxf3 35. Qf2 Re1+ 36. Kh2 Qe5+ 37.
Qg3+ Qxg3+ 38. Kxg3 fxg2 39. Kxg2 R8e3 40. Rd7 R1e2+ 41. Kf1 Rxc2 42. Rxd6 Rf3+ 43. Ke1 Rh3 44. Rg6+ Kf7 45. Rg1 Rxa2 46.
Rf1+ Ke7 47. d6+ Kxd6 48. Rf6+ Ke5 0-1

[Event "Polofinale MCR junioru 2023"]
[Site "Czech Republic"]
[Date "2023.11.17"]
[Round "8.22"]
[White "Benes, Jachym"]
[Black "Roubal, Matyas"]
[Result "1-0"]
[TimeControl "90 min per 40 moves + 15 min + 30 sec / move from move 1"]
[WhiteFideId "23710870"]
[BlackFideId "23727152"]
[WhiteElo "1950"]
[BlackElo "1837"]

1. d4 Nf6 2. c4 g6 3. Nc3 Bg7 4. e4 d6 5. Nf3 O-O 6. h3 c5 7. d5 e6 8. Be2 exd5 9. exd5 Re8 10.
O-O Ne4 11. Nxe4 Rxe4 12. Bd3 Re8 13. Bg5 Qa5 14. Re1 Rxe1+ 15. Qxe1 Qxe1+ 16. Rxe1 Bd7 17. Be7 Bxb2 18. Bxd6 b6 19.
Ne5 Ba4 20. f4 Na6 21. Nc6 Bc3 22. Re7 Nb4 23. Be4 Bf6 24. Rb7 Nxa2 25. Nxa7 Re8 26. Bf3 Bd4+ 27. Kh2 Bb3 28. Be7 Be3 29.
g3 Bxc4 30. d6 Be6 31. Bc6 Ra8 32. d7 Bxd7 33. Rxd7 Re8 34. Bf6 Nb4 35. Bb5 Bd4 36. Bxd4 cxd4 37. Rxd4 Ra8 38. Rxb4 Rxa7 39.
Bc4 Rb7 40. Kg2 Kg7 41. Kf3 Kf6 42. Bd5 Rb8 43. Rc4 Ke7 44. Ke4 b5 45. Rb4 Kd6 46. Bxf7 1-0

[Event "Polofinale MCR junioru 2023"]
[Site "Czech Republic"]
[Date "2023.11.17"]
[Round "8.23"]
[White "Davidek, Zdenek"]
[Black "Nespurek, Jakub"]
[Result "1-0"]
[TimeControl "90 min per 40 moves + 15 min + 30 sec / move from move 1"]
[WhiteFideId "23725001"]
[BlackFideId "391816"]
[WhiteElo "2099"]
[BlackElo "1680"]

1. d4 g6 2. c4 d6 3. Nc3 Bg7 4. e4 Nf6 5. Be2 O-O 6. h4 c5 7. d5 e6 8. h5 exd5 9. exd5 Qe7 10.
Kf1 Ne4 11. Nxe4 Qxe4 12. Bd3 Qe7 13. Qc2 Nd7 14. Nf3 Ne5 15. Bg5 f6 16. Bf4 Nxd3 17. Qxd3 Bf5 18. Qc3 g5 19. Re1 Qd7 20.
h6 Bh8 21. Bh2 Rae8 22. Rg1 b5 23. Rxe8 Rxe8 24. b3 b4 25. Qd2 Be4 26. Ne1 Bg6 27. g4 f5 28. Qxg5 Bc3 29. Nf3 fxg4 30.
Rxg4 Kh8 31. Kg2 Be4 32. Bg3 Rf8 33. Rxe4 1-0

[Event "Polofinale MCR junioru 2023"]
[Site "Czech Republic"]
[Date "2023.11.17"]
[Round "8.24"]
[White "Mydlar, Matej"]
[Black "Andrle, Filip"]
[Result "1-0"]
[TimeControl "90 min per 40 moves + 15 min + 30 sec / move from move 1"]
[WhiteFideId "23735074"]
[BlackFideId "23718749"]
[WhiteElo "1809"]
[BlackElo "2005"]

1. e4 c5 2. Nf3 Nc6 3. d4 cxd4 4. Nxd4 Nf6 5. Nc3 d6 6. Bc4 e6 7. Be3 Be7 8. Bb3 a6 9. f4 Qc7 10.
O-O O-O 11. a4 b6 12. f5 Nxd4 13. Qxd4 Rb8 14. h3 d5 15. fxe6 fxe6 16. exd5 Bc5 17. Qd3 Rd8 18. Kh1 Bb7 19.
Bf4 Bd6 20. Bxd6 Rxd6 21. Qg3 Nxd5 22. Rae1 Rbd8 23. Qe5 Qd7 24. Ne4 Rc6 25. Ng5 Rf8 26. Rxf8+ Kxf8 27. Nxe6+ Rxe6 28. Qxe6 Qxe6 29.
Rxe6 Nf4 30. Rxb6 Bxg2+ 31. Kh2 Bf1 32. Rb7 1-0

[Event "Polofinale MCR junioru 2023"]
[Site "Czech Republic"]
[Date "2023.11.17"]
[Round "8.25"]
[White "Urbansky, Stepan"]
[Black "Vana, Jan"]
[Result "0-1"]
[TimeControl "90 min per 40 moves + 15 min + 30 sec / move from move 1"]
[WhiteFideId "23761741"]
[BlackFideId "23726016"]
[WhiteElo "1675"]
[BlackElo "1965"]

1. e4 c5 2. Nf3 Nc6 3. d4 cxd4 4. Nxd4 Nf6 5. Nc3 e5 6. Ndb5 d6 7. Bg5 a6 8. Na3 b5 9. Nd5 Be7 10.
Bxf6 Bxf6 11. c3 O-O 12. Nc2 Rb8 13. Be2 Bg5 14. O-O Kh8 15. Qd3 f5 16. Bf3 g6 17. Rfd1 a5 18. Nde3 Bxe3 19.
Nxe3 f4 20. Qxd6 fxe3 21. Qxc6 exf2+ 22. Kxf2 Qg5 23. Qc5 Bg4 24. Qe3 Qh5 25. Rh1 Rxf3+ 26. gxf3 Rf8 27. Ke1 Rxf3 28. Qb6 Qh4+ 29.
Kd1 Rf6+ 0-1

[Event "Polofinale MCR junioru 2023"]
[Site "Czech Republic"]
[Date "2023.11.17"]
[Round "8.26"]
[White "Zezula, Matej"]
[Black "Pressler, Tobias"]
[Result "0-1"]
[TimeControl "90 min per 40 moves + 15 min + 30 sec / move from move 1"]
[WhiteFideId "23725796"]
[BlackFideId "23715359"]
[WhiteElo "1666"]
[BlackElo "1937"]

1. e4 d5 2. exd5 Qxd5 3. Nc3 Qd6 4. d4 Nf6 5. Bb5+ c6 6. Be2 Bf5 7. Nf3 Nbd7 8. O-O e6 9. Be3 Qc7 10.
Re1 Bd6 11. Qd2 O-O 12. Rad1 Ng4 13. h3 Nxe3 14. fxe3 Bg3 15. Rf1 Rad8 16. e4 Bg6 17. Bc4 Nb6 18. Bd3 e5 19. dxe5 Bxe5 20.
Nxe5 Qxe5 21. Qf2 Rfe8 22. Rde1 Re6 23. Kh1 Rf6 24. Qh4 Rxf1+ 25. Rxf1 f6 26. Nd1 Nd7 27. Bc4+ Kh8 28. Nc3 Nc5 29.
Re1 b5 30. Bb3 b4 31. Ne2 Bxe4 32. Nf4 Qf5 33. Ne6 Rd2 34. Qg3 Nxe6 35. Bxe6 Qe5 36. Qxe5 Bxg2+ 37. Kg1 fxe5 38. Rxe5 g6 39.
Bb3 Bxh3 40. Re8+ Kg7 41. Re7+ Kh6 42. Rxa7 Rd7 43. Ra6 Rc7 44. Rb6 c5 45. Bc4 Bf5 46. c3 bxc3 47. bxc3 Ra7 48.
Rc6 Bb1 49. Rxc5 Bxa2 50. Be2 Be6 51. Re5 Bf5 52. c4 Kg5 53. Re8 h5 54. Bf3 Ra1+ 55. Kf2 Rc1 56. Bd5 Kf4 0-1

[Event "Polofinale MCR junioru 2023"]
[Site "Czech Republic"]
[Date "2023.11.17"]
[Round "8.27"]
[White "Babula, Matej"]
[Black "Veny, Jaume"]
[Result "0-1"]
[TimeControl "90 min per 40 moves + 15 min + 30 sec / move from move 1"]
[WhiteFideId "398322"]
[BlackFideId "397792"]
[WhiteElo "1899"]
[BlackElo "1729"]

1. e4 c5 2. Nf3 Nc6 3. d4 cxd4 4. Nxd4 Nf6 5. Nc3 e5 6. Ndb5 d6 7. Bg5 a6 8. Na3 b5 9. Nab1 Be7 10.
Bxf6 Bxf6 11. a4 b4 12. Nd5 O-O 13. c3 Rb8 14. b3 Bg5 15. cxb4 Nxb4 16. Bc4 Nxd5 17. Bxd5 Qa5+ 18. Kf1 Kh8 19.
h4 Bh6 20. g4 Bf4 21. Qd3 Bxg4 22. Nc3 Be6 23. Ne2 Bxd5 24. exd5 Bh6 25. Ng3 Qb6 26. Nf5 Qxb3 27. Qxb3 Rxb3 28.
Nxd6 g6 29. h5 Kg7 30. Rd1 Rd8 31. Nc4 Bf4 32. d6 Rb4 33. Na5 Rd4 34. Rxd4 exd4 35. hxg6 hxg6 36. Nc4 Bxd6 37. Ke2 Bb4 38.
Kd3 a5 39. Rh4 Bc3 40. Na3 f5 41. Nb5 g5 42. Rh1 Rh8 43. Rg1 Rh3+ 44. Kc4 Kg6 45. Nxc3 dxc3 46. Kb5 Rf3 47. Rf1 c2 48.
Kxa5 Rxf2 49. Rc1 g4 50. Kb5 g3 51. a5 g2 52. Rg1 f4 53. a6 c1=Q 54. Rxc1 Ra2 55. Kb6 0-1

[Event "Polofinale MCR junioru 2023"]
[Site "Czech Republic"]
[Date "2023.11.17"]
[Round "8.28"]
[White "Mrazek, Adam"]
[Black "Stejskal, Michal"]
[Result "0-1"]
[TimeControl "90 min per 40 moves + 15 min + 30 sec / move from move 1"]
[WhiteFideId "23725010"]
[BlackFideId "398195"]
[WhiteElo "1643"]
[BlackElo "1872"]

1. c4 e5 2. g3 Nc6 3. Bg2 f5 4. Nc3 Nf6 5. a3 Be7 6. e3 O-O 7. Nge2 d6 8. d4 e4 9. b4 Qe8 10.
Bb2 Bd7 11. Qb3 Kh8 12. a4 Qf7 13. Nb5 a5 14. Bc3 Nxb4 15. Bxb4 Bxb5 16. axb5 axb4 17. O-O g5 18. Qxb4 d5 19.
c5 b6 20. Ra6 Nd7 21. Rfa1 Rac8 22. Qb2 bxc5 23. R1a5 Bf6 24. Bh3 Bg7 25. Qc2 Qh5 26. Bf1 f4 27. gxf4 cxd4 28. Ng3 Qh4 29.
fxg5 Ne5 30. Bg2 d3 31. Qd1 Ng4 32. h3 Nxf2 33. Qh5 Qxh5 34. Nxh5 d2 35. Ra1 Bxa1 36. Rxa1 d1=Q+ 37. Rxd1 Nxd1 0-1

[Event "Polofinale MCR junioru 2023"]
[Site "Czech Republic"]
[Date "2023.11.17"]
[Round "8.29"]
[White "Bednar, Milos"]
[Black "Sprinar, Michal"]
[Result "1/2-1/2"]
[TimeControl "90 min per 40 moves + 15 min + 30 sec / move from move 1"]
[WhiteFideId "23709812"]
[BlackFideId "23714190"]
[WhiteElo "1833"]
[BlackElo "1742"]

1. Nf3 f5 2. d4 g6 3. c4 Nf6 4. Nc3 Bg7 5. Qc2 O-O 6. e4 d6 7. Bd3 fxe4 8. Nxe4 Nc6 9. Qc3 Nxe4 10.
Bxe4 Bf5 11. Bxf5 Rxf5 12. Be3 Qd7 13. O-O Raf8 14. Qd2 e5 15. d5 Ne7 16. Ng5 R8f6 17. a4 a6 18. a5 h6 19.
Ne4 Rf7 20. Bxh6 Bxh6 21. Qxh6 Rh7 22. Qe3 Kg7 23. Ng5 Rh8 24. Ne6+ Kg8 25. g4 Rf7 26. f4 c6 27. fxe5 cxd5 28.
Rxf7 Kxf7 29. Rf1+ Ke8 30. Qh6 Qxe6 31. Qxh8+ Kd7 32. Qh3 Qxe5 33. cxd5 Qxd5 34. Qc3 Qe4 35. h3 g5 36. Rd1 Qf4 37.
Kg2 Qe4+ 38. Kf2 Qf4+ 39. Qf3 Qb4 40. Qc3 Qf4+ 41. Ke1 Nc6 42. Rd3 Ne5 43. Re3 Nc4 44. Rf3 Qe4+ 45. Kd1 Nxb2+ 46. Kc1 Nc4 47. Rf5 Ne5 48. Kb2 Qe2+ 49. Ka1 Qd1+ 50. Ka2 Qa4+ 51. Kb2 Qb5+ 52. Kc1 Qd5 53. Qe3 Qxa5 54. Rxg5 Qa1+ 55.
Kc2 Qa4+ 56. Qb3 Qe4+ 57. Kd1 Qh1+ 58. Kc2 Qe4+ 59. Kb2 Nc4+ 60. Kc3 Qe3+ 61. Kxc4 Qxg5 62. Qxb7+ Ke6 63. Qc8+ Ke5 64.
Qh8+ Kf4 65. Kd3 Kg3 66. Qd4 Kxh3 67. Qxd6 Qxg4 1/2-1/2